 Dungeon Crawl Stone Soup version 0.27.1-15-g792fb953b9 (webtiles) character file.

Game seed: 8698244427890266743

11 styxcanada the Sneak (level 2, 0/15 HPs)
             Began as a Spriggan Brigand on Nov 20, 2021.
             Slain by a kobold (4 damage)
             ... on level 1 of the Dungeon.
             The game lasted 00:01:19 (409 turns).

styxcanada the Sneak (Spriggan Brigand)              Turns: 409, Time: 00:01:20

Health: 0/15       AC:  3    Str:  7    XL:     2   Next: 17%
Magic:  3/3        EV: 16    Int: 12    God:
Gold:   39         SH:  0    Dex: 16    Spells: 1/1 levels left

rFire    . . .     SeeInvis +   a - +2 dagger
rCold    . . .     Faith    .   (shield restricted)
rNeg     . . .     Spirit   .   b - +0 robe
rPois    .         Reflect  .   (helmet restricted)
rElec    .         Harm     .   c - +0 cloak
rCorr    .         Rampage  .   (gloves unavailable)
Will     .....                  (boots unavailable)
Stlth    +++.......             (no amulet)
HPRegen  0.05/turn              (no ring)
MPRegen  0.08/turn              (no ring)

@: very quick
A: very small, no large weapons, unfitting armour, see invisible, speed 3
a: no special abilities


You were on level 1 of the Dungeon.
You visited 1 branch of the dungeon, and saw 1 of its levels.

You collected 39 gold pieces.

Inventory:

Hand Weapons
 a - a +2 dagger (weapon)
Missiles
 d - 4 poisoned darts (quivered)
 e - 2 curare-tipped darts
 f - 14 stones
 g - 12 sling bullets
Armour
 b - a +0 robe (worn)
 c - a +0 cloak (worn)


   Skills:
 + Level 1.7 Fighting
 + Level 2.1 Short Blades
 + Level 2.1 Throwing
 + Level 1.3 Dodging
 + Level 6.5 Stealth


You had one spell level left.
You didn't know any spells.
Your spell library was empty.

Dungeon Overview and Level Annotations

Branches:
Dungeon (1/15)

Altars:


Innate Abilities, Weirdness & Mutations

You are very small and have problems with some larger weapons.
You are too small for most types of armour.
You have supernaturally acute eyesight. (SInv)
You cover ground extremely quickly. (Speed+++)


Message History

The hobgoblin is severely wounded.
The hobgoblin closely misses you.
You hit the hobgoblin.
The hobgoblin is almost dead.
The hobgoblin completely misses you.
You barely miss the hobgoblin.
The hobgoblin is almost dead.
The hobgoblin hits you but does no damage.
You hit the hobgoblin but do no damage.
The hobgoblin is almost dead.
You closely miss the hobgoblin.
The hobgoblin is almost dead.
The hobgoblin hits you.
You hit the hobgoblin.
You kill the hobgoblin!
You hit the endoplasm.
The endoplasm is moderately wounded.
You hit the endoplasm.
You kill the endoplasm!
The rat barely misses you.
You barely miss the rat. The rat closely misses you.
You hit the rat.
The rat is heavily wounded.
The rat misses you.
You barely miss the rat.
The rat is heavily wounded.
The rat misses you.
You hit the rat.
You kill the rat!
You hit the kobold.
The kobold is heavily wounded.
The kobold misses you.
You hit the kobold.
The kobold is severely wounded.
The kobold hits you with a +0 short sword.
* * * LOW HITPOINT WARNING * * *
You closely miss the kobold.
The kobold is severely wounded.
The kobold hits you with a +0 short sword.
You die...

#..(.K.......#
#............#
#....(.......#
#............#
#####+########..(.......#
#.............##g########
#.............##g#
#.............##K#
#.............##@#
#.............##.#
#########
#.............##.#
#.......#
#.............##.#
#.......#
..............##.#
#.......#
..............##.#
#.......#
......###'######.#
#.......# ......#
#.######'###.......#
......#
#..................#


You could see a hobgoblin, a goblin and a kobold.

Vanquished Creatures
  A ball python (D:1)
  An endoplasm (D:1)
  3 goblins (D:1)
  A hobgoblin (D:1)
  A kobold (D:1)
  3 rats (D:1)
10 creatures vanquished.

Notes
Turn   | Place    | Note
-------+----------+-------------------------------------------
     0 | D:1      | styxcanada the Spriggan Brigand began the quest for the
                  | Orb.
     0 | D:1      | Reached XP level 1. HP: 10/10 MP: 2/2
    32 | D:1      | Reached skill level 6 in Stealth
   324 | D:1      | Reached XP level 2. HP: 15/15 MP: 3/3
   409 | D:1      | Slain by a kobold

Illustrated notes

Levels and vault maps discovered:
D:1:      dpeg_arrival_tiny_h, layout_basic,
          chequers_ecumenical_altar_simple_redux

Skill      XL: |  1 |
---------------+----+-----
Stealth        | 6 |  6.5
Fighting       | |  1.7
Short Blades   | |  2.1
Throwing       | |  2.1
Dodging        | |  1.3

Action                   || total
-------------------------++-------
Melee: Dagger            ||    36
Throw: Dart              ||     4
 Stab: Sleeping          ||     1
Armor: Robe              ||     3
Dodge: Dodged            ||    21
